 Dungeon Crawl Stone Soup version 0.29-a0-551-gffc1d7fb78 (webtiles) character file.

Game seed: 16146658989772838295

94329 Zonian the Unseen (level 15, -11/80 HPs)
             Began as a Spriggan Abyssal Knight on June 4, 2022.
             Was the Champion of Lugonu.
             Killed from afar by Azrael (32 damage)
             ... with a bolt of fire
             ... on level 2 of the Orcish Mines on June 5, 2022.
             The game lasted 01:49:02 (48816 turns).

Zonian the Unseen (Spriggan Abyssal Knight)        Turns: 48816, Time: 01:49:02

Health: -11/80     AC:  9    Str: 15    XL:     15   Next: 63%
Magic:  28/29      EV: 25    Int: 14    God:    Lugonu [******]
Gold:   773        SH:  0    Dex: 23    Spells: 16/32 levels left

rFire   . . .      SeeInvis +   I - +8 shortbow of Taiseb {freeze, rPois Will+}
rCold   + . .      Faith    .   (shield currently unavailable)
rNeg    . . .      Spirit   .   O - +4 steam dragon scales
rPois   +          Reflect  .   (helmet restricted)
rElec   .          Harm     .   X - scarf {shadows}
rCorr   .          Rampage  .   (gloves unavailable)
Will    ++++.                   (boots unavailable)
Stlth   +++++++...              F - amulet of Ziom {Acrobat +Inv Will+ Dex+2}
HPRegen 0.23/turn               h - +6 ring of strength
MPRegen 0.21/turn               b - ring of Kyuvap {rPois rC+}

@: studying Staves, very quick
A: very small, no large weapons, unfitting armour, see invisible, speed 3
a: Renounce Religion, Evoke Invisibility, Depart the Abyss, Bend Space, Banish,
Corrupt, Enter the Abyss, Brand Weapon With Distortion


You were on level 2 of the Orcish Mines.
You worshipped Lugonu.
Lugonu was exalted by your worship.
You visited 3 branches of the dungeon, and saw 23 of its levels.
You visited the Abyss 1 time.
You also visited: Ossuary and Bailey.

You collected 1930 gold pieces.
You spent 1157 gold pieces at shops.

Inventory:

Hand Weapons
 a - a +4 scimitar of holy wrath
 n - a +4 short sword
 o - a +2 rapier of draining
 q - a +1 demon blade of venom
 r - a +0 dagger of distortion
 x - a +0 dagger of venom
 I - the +8 shortbow of Taiseb (weapon) {freeze, rPois Will+}
   (You bought it in a shop on level 7 of the Dungeon)

   Any ammunition fired from it freezes those it strikes, dealing additional
   cold damage.
   It can also slow down cold-blooded creatures.
   rPois:     It protects you from poison.
   Will:      It increases your willpower.
 M - a +3 dagger of freezing
Missiles
 j - 9 boomerangs
 s - 5 curare-tipped darts
 B - 5 throwing nets
Armour
 O - +4 steam dragon scales (worn)
 X - a scarf of shadows (worn)
Jewellery
 b - the ring of Kyuvap (right hand) {rPois rC+}
   (You found it on level 6 of the Lair of Beasts)

   [ring of protection from cold]

   rC:        It protects you from cold.
   rPois:     It protects you from poison.
 g - a ring of protection from cold
 h - a +6 ring of strength (left hand)
 E - a ring of positive energy
 F - the amulet of Ziom (around neck) {Acrobat +Inv Will+ Dex+2}
   (You acquired it on level 6 of the Dungeon)

   [amulet of the acrobat]

   It increases your evasion while moving and waiting.
   Dex:       It affects your dexterity (+2).
   +Inv:      It lets you turn invisible.
   Will:      It increases your willpower.
 P - a ring of fire
Wands
 C - a wand of paralysis (16)
 H - a wand of charming (12)
 J - a wand of digging (10)
 K - a wand of polymorph (11)
 N - a wand of mindburst (6)
 W - a wand of iceblast (1)
Scrolls
 l - 3 scrolls of blinking
 w - 6 scrolls of teleportation
 y - a scroll of magic mapping
 G - 3 scrolls of fog
 U - a scroll of enchant weapon
 V - 7 scrolls of identify
 Y - 2 scrolls of summoning
 Z - a scroll of fear
Potions
 c - 17 potions of curing
 e - 8 potions of might
 f - 4 potions of cancellation
 i - 2 potions of magic
 k - 4 potions of flight
 m - 7 potions of heal wounds
 p - 8 potions of lignification
 v - a potion of ambrosia
 z - 3 potions of berserk rage
 L - 6 potions of haste
 Q - 4 potions of brilliance
Miscellaneous
 R - a condenser vane (inert)


   Skills:
 + Level 9.9 Fighting
 - Level 6.8 Short Blades
 + Level 13.9 Bows
 + Level 9.1 Dodging
 + Level 16.8 Stealth
 + Level 9.4 Spellcasting
 - Level 5.0 Conjurations
 + Level 9.5 Hexes
 + Level 8.9 Translocations
 - Level 11.0 Invocations
 + Level 9.2 Evocations


You had 16 spell levels left.
You knew the following spells:

 Your Spells              Type           Power      Damage    Failure   Level
a - Dazzling Flash        Conj/Hex       52%        N/A       1%          3
b - Iskenderun's Mystic   Conj/Tloc      26%        2d7       6%          4
c - Fulminant Prism       Conj/Hex       13%        3d9       5%          4
d - Apportation           Tloc           62%        N/A       1%          1
e - Passage of Golubria   Tloc           31%        N/A       2%          4

Your spell library contained the following spells:

 Spells                   Type           Power      Damage    Failure   Level
 Tukima's Dance           Hex            33%        N/A       1%          3
 Foxfire                  Conj/Fire      52%        2x1d6     4%          1
 Inner Flame              Hex/Fire       19%        N/A       4%          3
 Freeze                   Ice            24%        1d5       11%         1
 Conjure Flame            Conj/Fire      13%        6-21      12%         3
 Anguish                  Hex/Necr       9%         N/A       16%         4
 Frozen Ramparts          Ice            12%        1d3       32%         3
 Flame Wave               Conj/Fire      13%        2d6       36%         4
 Hailstorm                Conj/Ice       13%        3d5       36%         4
 Yara's Violent Unravell  Hex/Tmut       9%         3d6       41%         5
 Summon Forest            Summ/Tloc      9%         N/A       43%         5
 Airstrike                Air            3%         N/A       73%         4
 Animate Dead             Necr           6%         N/A       73%         4
 Summon Lightning Spire   Summ/Air       6%         N/A       73%         4
 Lightning Bolt           Conj/Air       6%         1d18      73%         5
 Enfeeble                 Hex            16%        N/A       88%         7
 Alistair's Intoxication  Tmut/Pois      4%         N/A       97%         5
 Borgnjor's Vile Clutch   Necr/Erth      3%         N/A       97%         5
 Lee's Rapid Deconstruct  Erth           3%         3d6*      97%         5
 Starburst                Conj/Fire      6%         6d4       99%         6
 Death Channel            Necr           3%         N/A       100%        6
 Eringya's Noxious Bog    Tmut/Pois      3%         N/A       100%        6
 Summon Hydra             Summ           3%         N/A       100%        7
 Borgnjor's Revivificati  Necr           3%         N/A       100%        8
 Necromutation            Tmut/Necr      3%         N/A       100%        8
 Death's Door             Necr           3%         N/A       100%        9


Dungeon Overview and Level Annotations

Branches:
Dungeon (15/15)            Temple (0/1) D:4            Lair (6/6) D:8
 Shoals (0/4) Lair:2        Snake (0/4) Lair:3        Slime (0/5) Lair:6
    Orc (2/2) D:10         Vaults (0/5) D:14         Depths (0/4) D:15
Ossuary (visited)          Bailey (visited)
    Elf: Orc:2

Altars:
Ashenzari
Dithmenos
Gozag
Hepliaklqana
Makhleb
Nemelex Xobeh
Qazlal
Ru
Trog
Beogh
Jiyva

Shops:
D:7 [*(((   D:11 !   D:13 (   Orc:1 :

Annotations:
D:4 Eustachio
D:5 1 runed translucent door, NateTC's ghost, novice TrGl
D:9 exclusion: orange crystal statue
D:13 3 runed translucent doors, Phlounder's ghost, adept DjEE
D:14 2 runed translucent doors, Noohia's ghost, journeyman MeCK
D:15 3 runed translucent doors, exclusion: obsidian statue, pokeman's ghost, journeyman DEWz
Lair:1 3 runed translucent doors, happo123's ghost, journeyman KoEn
Orc:2 Azrael
Abyss:1 Fannar


Innate Abilities, Weirdness & Mutations

You are very small and have problems with some larger weapons.
You are too small for most types of armour.
You have supernaturally acute eyesight. (SInv)
You cover ground extremely quickly. (Speed+++)


Message History

You kill the troll!
Lugonu accepts your kill.
You shoot an arrow. The arrow hits the deep elf archer!
The arrow freezes the deep elf archer.
The deep elf archer is almost dead.
The deep elf archer shoots an arrow.
The arrow hits you!!
* * * LOW HITPOINT WARNING * * *
Unknown command.
You are too injured to fight recklessly!
You are too injured to fight recklessly!
Unknown command.
Aiming: Mindburst
Press: ? - help, Shift-Dir - straight line, f/p - deep elf archer
Aim: a deep elf archer, wielding a +0 shortbow and wearing a +0 leather armour (almost dead, repelling missiles, chance to affect: 45%)
Okay, then.
Press: ? - help, Shift-Dir - straight line, f/p - deep elf archer
Aim: a deep elf archer, wielding a +0 shortbow and wearing a +0 leather armour (almost dead, repelling missiles, chance to affect: 40%)
Okay, then.
Okay, then.
Throw: 5 darts (curare)
Press: ? - help, Shift-Dir - straight line, f/p - deep elf archer
Aim: a deep elf archer, wielding a +0 shortbow and wearing a +0 leather armour (almost dead, repelling missiles, 8% to hit)
Okay, then.
Okay, then.
Okay, then.
Okay, then.
Okay, then.
Okay, then.
Cast which spell? (? or * to list)
Okay, then.
Cast which spell? (? or * to list)
Okay, then.
Throw: 5 throwing nets
Press: ? - help, Shift-Dir - straight line, f/p - deep elf archer
Aim: a deep elf archer, wielding a +0 shortbow and wearing a +0 leather armour (almost dead, repelling missiles, 8% to hit)
Okay, then.
Space bends violently around you!
You blink.
Azrael gestures at you. The bolt of fire hits you!!
You die...

#. ######.. ##.#.#<#.
#####........
#.#.#....#.## ..C
#....)§.....# .$.O
#....†.....## #.T.
#@.)†....### 8he.
#..........# #.e#
##....e.......
###...##..#........#.
.......).......#...#
...##................
#.......R........
..#.................#
..............)....#.#


You could see Azrael and a deep elf archer (repels missiles).

Vanquished Creatures
  A stone giant (D:11)
  Erolcha (D:12)
  Harold (Orc:1)
  9 hydras
  A catoblepas (D:13)
  6 boulder beetles
  2 centaur warriors
  4 two-headed ogres
  A death knight (D:12)
  9 death yaks
  An orc high priest (Orc:1)
  Sonja (Lair:2)
  6 skeletal warriors
  A deep elf archer (D:12)
  A flayed ghost (D:15)
  A golden dragon skeleton (D:15)
  A wizard (D:12)
  3 orc knights
  A deep elf pyromancer (D:13)
  2 deep elf zephyrmancers (Orc:2)
  An orc sorcerer (Orc:1)
  A necromancer (D:15)
  An oklob plant (Lair:5)
  2 ugly things
  2 manticores
  5 elephants
  6 cyclopes
  2 black mambas (shapeshifter)
  A merfolk siren (Lair:2)
  8 black mambas
  11 komodo dragons
  Psyche (D:11)
  19 cane toads
  A rime drake (Lair:6)
  3 spriggan zombies (D:15)
  A komodo dragon (shapeshifter) (D:13)
  An efreet (D:12)
  A yaktaur (D:15)
  9 trolls
  2 tengu conjurers
  A guardian mummy (D:15)
  4 hornets
  A merfolk (Lair:2)
  13 polar bears
  4 slime creatures
  3 raiju (Lair:6)
  A dream sheep (Lair:4)
  18 blink frogs
  Sigmund (D:5)
  A spriggan (shapeshifter) (D:10)
  6 wyverns
  16 humans
  2 wraiths
  A shadow (D:12)
  A hog (shapeshifter) (D:13)
  12 spriggans (Lair:3)
  3 steam dragons
  31 yaks
  2 fire elementals (Orc:1)
  7 basilisks
  4 vampire mosquitoes (D:11)
  6 wargs
  An acid dragon (shapeshifter) (D:14)
  4 acid dragons
  15 hell hounds
  24 water moccasins
  21 orc warriors
  2 sky beasts
  16 black bears
  An ice beast (D:6)
  27 wolves
  11 centaurs
  6 boggarts
  4 ogres
  2 kobold brigands
  A necrophage (D:4)
  A gnoll sergeant (D:12)
  A scorpion (D:5)
  20 bullfrogs
  A water moccasin zombie (Ossuary)
  3 jellies
  12 wights
  9 killer bees
  2 howler monkeys
  4 electric eels
  3 hounds
  8 orc priests
  A gnoll shaman (D:7)
  3 iguanas
  11 orc wizards
  2 mummies (Ossuary)
  17 gnolls
  7 adders
  A shadow imp (D:8)
  3 white imps
  3 ufetubi
  6 adder zombies (Ossuary)
  6 dart slugs
  77 orcs
  An endoplasm (D:1)
  3 giant cockroaches
  8 hobgoblins
  2 jackals (D:4)
  4 quokkas
  9 ball pythons
  4 bats
  3 frilled lizards
  8 gnoll zombies (Ossuary)
  12 goblins
  4 hobgoblin zombies (Ossuary)
  22 kobolds
  9 kobold zombies (Ossuary)
  5 orc zombies (Ossuary)
  4 rats
703 creatures vanquished.

Vanquished Creatures (collateral kills)
  A kobold brigand (D:5)
  A kobold (D:5)
2 creatures vanquished.

Vanquished Creatures (others)
  A yak (Lair:4)
  An orc warrior (D:10)
  45 fungi
  71 plants
  3 withered plants (D:15)
121 creatures vanquished.

Grand Total: 826 creatures vanquished

Notes
Turn   | Place    | Note
-------+----------+-------------------------------------------
     0 | Abyss:1  | Zonian the Spriggan Abyssal Knight began the quest for the
                  | Orb.
     0 | Abyss:1  | Reached XP level 1. HP: 11/11 MP: 3/3
    25 | D:1      | Escaped the Abyss
   237 | D:1      | Reached XP level 2. HP: 12/16 MP: 4/4
  1004 | D:2      | Reached skill level 1 in Stealth
  1004 | D:2      | Reached XP level 3. HP: 10/19 MP: 5/5
  1675 | D:2      | Found a faded altar of an unknown god.
  1761 | D:2      | Reached *** piety under Lugonu
  2388 | D:1      | Reached skill level 2 in Stealth
  2388 | D:1      | Reached XP level 4. HP: 9/23 MP: 6/6
  5954 | D:3      | Reached XP level 5. HP: 28/28 MP: 8/8
  6383 | D:3      | Reached skill level 3 in Stealth
  7540 | D:4      | Noticed Eustachio
  8064 | D:5      | Entered Level 5 of the Dungeon
  8064 | D:5      | Noticed Sigmund
  8072 | D:5      | Killed Sigmund
  8073 | D:5      | Reached skill level 5 in Dodging
  8073 | D:5      | Reached skill level 4 in Stealth
  8073 | D:5      | Reached XP level 6. HP: 18/32 MP: 9/9
  8097 | D:5      | Noticed a water moccasin
  8157 | D:5      | Reached XP level 7. HP: 8/36 MP: 10/10
  8458 | D:5      | Reached skill level 5 in Stealth
  8498 | D:5      | Found a runed translucent door.
  8498 | D:5      | Noticed NateTC's ghost (novice TrGl)
  9170 | D:5      | Reached skill level 6 in Stealth
  9567 | D:4      | Reached skill level 5 in Short Blades
  9567 | D:4      | Reached XP level 8. HP: 40/42 MP: 12/12
  9801 | D:4      | Found a staircase to the Ecumenical Temple.
  9849 | D:4      | Reached **** piety under Lugonu
 10387 | D:5      | You fall into a shaft and drop 2 floors!
 10716 | D:6      | Reached skill level 7 in Stealth
 10716 | D:6      | Reached skill level 5 in Invocations
 11391 | D:6      | Reached skill level 5 in Fighting
 11513 | D:6      | Reached XP level 9. HP: 47/47 MP: 14/14
 11711 | D:6      | Reached skill level 8 in Stealth
 11793 | D:6      | Identified a scroll of acquirement
 11793 | D:6      | Acquired the amulet of Ziom {Acrobat +Inv Will+ Dex+2}
 12383 | D:7      | Found Lusojim's Antique Armour Shop.
 12389 | D:7      | Found Zookk's Assorted Antiques.
 12428 | D:7      | Bought an orange potion for 23 gold pieces
 12428 | D:7      | Bought a scroll of fog for 52 gold pieces
 12428 | D:7      | Bought a shimmering shortbow for 208 gold pieces
 12428 | D:7      | Identified the +8 shortbow of Taiseb {freeze, rPois Will+}
                  | (You bought it in a shop on level 7 of the Dungeon)
 12650 | D:7      | Found Ycui's Antique Weapon Shop.
 12658 | D:7      | Found Touven's Antique Weapon Boutique.
 12685 | D:7      | Reached skill level 1 in Bows
 12728 | D:7      | Found Qunlis Wuva's Weapon Emporium.
 12742 | D:7      | Reached ***** piety under Lugonu
 13988 | D:7      | Reached skill level 9 in Stealth
 14398 | D:8      | Found a staircase to the Lair.
 14421 | D:8      | Reached skill level 5 in Bows
 14798 | D:8      | Found a sand-covered staircase.
 14807 | Ossuary  | Entered an ossuary
 14856 | Ossuary  | Reached XP level 10. HP: 38/51 MP: 15/15
 15628 | Lair:1   | Entered Level 1 of the Lair of Beasts
 15628 | Lair:1   | Noticed a cane toad
 16121 | D:9      | Noticed an orange crystal statue
 18294 | D:10     | Entered Level 10 of the Dungeon
 18331 | D:10     | Found a flagged portal.
 18338 | Bailey   | Entered a bailey
 18656 | Bailey   | Reached ****** piety under Lugonu
 18659 | Bailey   | Reached skill level 10 in Stealth
 18701 | Bailey   | Identified the +11 crystal plate armour "Sorchaurr" {Drain
                  | rC++ Str+2}
 18804 | Bailey   | Noticed an orc knight
 18835 | Bailey   | Killed an orc knight
 19170 | D:10     | Reached skill level 1 in Evocations
 19182 | D:10     | Found a bloodstained altar of Trog.
 19183 | D:10     | Found a stormy altar of Qazlal.
 19184 | D:10     | Found a broken altar of Ashenzari.
 19184 | D:10     | Found a sacrificial altar of Ru.
 19184 | D:10     | Found a hazy altar of Hepliaklqana.
 19373 | D:10     | Found a burning altar of Makhleb.
 19373 | D:10     | Found a shadowy altar of Dithmenos.
 19374 | D:10     | Found a sparkling altar of Nemelex Xobeh.
 19940 | Lair:1   | Killed a cane toad
 20057 | Lair:1   | Reached skill level 11 in Stealth
 20057 | Lair:1   | Reached XP level 11. HP: 58/58 MP: 17/17
 20248 | Lair:1   | Found a runed translucent gate.
 20248 | Lair:1   | Found a runed translucent gate.
 20248 | Lair:1   | Found a runed translucent gate.
 20253 | Lair:1   | Noticed happo123's ghost (journeyman KoEn)
 21256 | Lair:1   | Reached skill level 10 in Bows
 21741 | Lair:2   | Reached skill level 12 in Stealth
 21741 | Lair:2   | Reached skill level 5 in Evocations
 22324 | Lair:1   | Learned a level 3 spell: Dazzling Flash
 22556 | Lair:2   | Reached skill level 1 in Hexes
 22597 | Lair:2   | Reached skill level 1 in Spellcasting
 22714 | Lair:2   | Reached skill level 1 in Conjurations
 22751 | Lair:2   | Noticed Sonja
 22756 | Lair:2   | Killed Sonja
 22816 | Lair:2   | Noticed Fannar
 22819 | Lair:2   | Banished Fannar
 22981 | Lair:2   | Reached XP level 12. HP: 63/63 MP: 19/19
 23403 | Lair:2   | Found a staircase to the Shoals.
 24518 | Lair:3   | Found a staircase to the Snake Pit.
 24862 | Lair:3   | Reached skill level 13 in Stealth
 25947 | Lair:3   | Noticed a five-headed hydra
 26980 | Lair:4   | Noticed a catoblepas
 27536 | Lair:4   | Noticed a four-headed hydra
 27560 | Lair:4   | Killed a four-headed hydra
 27705 | Lair:4   | Reached skill level 5 in Hexes
 27719 | Lair:4   | Reached skill level 5 in Spellcasting
 27719 | Lair:4   | Reached XP level 13. HP: 68/68 MP: 21/21
 29107 | Lair:5   | Reached skill level 14 in Stealth
 30682 | Lair:6   | Entered Level 6 of the Lair of Beasts
 30694 | Lair:6   | Learned a level 4 spell: Iskenderun's Mystic Blast
 30767 | Lair:6   | Reached skill level 1 in Translocations
 30973 | Lair:6   | Identified the ring of Kyuvap {rPois rC+}
 31916 | Lair:6   | Found a staircase to the Slime Pits.
 31917 | Lair:6   | Found a viscous altar of Jiyva.
 31934 | Lair:6   | Learned a level 4 spell: Fulminant Prism
 32053 | Lair:6   | Reached skill level 10 in Invocations
 32057 | Lair:6   | Reached skill level 15 in Stealth
 32057 | Lair:6   | Reached XP level 14. HP: 66/74 MP: 25/25
 33331 | Lair:6   | Reached skill level 5 in Translocations
 34028 | Lair:6   | Identified the +1 plate armour of Vanity {rElec Will++
                  | Str-4}
 34512 | D:7      | Bought a glowing rapier for 161 gold pieces
 34512 | D:7      | Bought a glowing demon blade for 414 gold pieces
 34766 | D:10     | Found a staircase to the Orcish Mines.
 34853 | D:11     | Found Usmeuky's Distillery.
 34856 | D:11     | Bought a potion of heal wounds for 65 gold pieces
 34856 | D:11     | Bought a potion of haste for 130 gold pieces
 34856 | D:11     | Bought a potion of cancellation for 104 gold pieces
 34856 | D:11     | Noticed Psyche
 34860 | D:11     | Killed Psyche
 36258 | D:12     | Upgraded the game from 0.29-a0-542-g075992c915 to
                  | 0.29-a0-551-gffc1d7fb78
 36677 | D:12     | Noticed a stone giant
 37195 | D:11     | Killed a stone giant
 38662 | D:12     | Noticed Erolcha
 38667 | D:12     | Killed Erolcha
 38678 | D:12     | Reached skill level 16 in Stealth
 40991 | D:13     | Reached XP level 15. HP: 79/79 MP: 28/28
 41415 | D:13     | Found Daublod's Weapon Shoppe.
 41691 | D:13     | Found a runed translucent gate.
 41691 | D:13     | Found a runed translucent gate.
 41695 | D:13     | Found a runed translucent gate.
 41695 | D:13     | Noticed Phlounder's ghost (adept DjEE)
 42013 | D:14     | Found a gate to the Vaults.
 43302 | D:14     | Found a large runed translucent door.
 43302 | D:14     | Found a large runed translucent door.
 43308 | D:14     | Noticed Noohia's ghost (journeyman MeCK)
 43660 | D:14     | Learned a level 1 spell: Apportation
 43665 | D:14     | Learned a level 4 spell: Passage of Golubria
 43744 | D:14     | Found a sparkling altar of Nemelex Xobeh.
 44171 | D:15     | Entered Level 15 of the Dungeon
 44389 | D:15     | Found a staircase to the Depths.
 44711 | D:15     | Found a runed translucent gate.
 44711 | D:15     | Found a runed translucent gate.
 44711 | D:15     | Found a runed translucent gate.
 44714 | D:15     | Found an opulent altar of Gozag.
 44717 | D:15     | Noticed pokeman's ghost (journeyman DEWz)
 44718 | D:15     | Noticed a tengu reaver
 44784 | D:15     | Identified the +4 kite shield of the Elephant {+Blink Will-
                  | Regen+ SInv}
 44789 | D:15     | Identified the +0 helmet of Qazlal's Fury {+Blink rN++
                  | Regen+ Int-4}
 47173 | Orc:1    | Entered Level 1 of the Orcish Mines
 47173 | Orc:1    | Noticed Harold
 47176 | Orc:1    | Killed Harold
 47318 | Orc:1    | Noticed an orc warlord
 47320 | Orc:1    | Banished an orc warlord
 47365 | Orc:1    | Reached skill level 5 in Conjurations
 47566 | Orc:1    | Found Zydammog's Self-Improvement Boutique.
 47718 | Orc:2    | Entered Level 2 of the Orcish Mines
 48156 | Orc:2    | Noticed Azrael
 48215 | Orc:1    | HP: 3/80 [orc warrior/+2 glaive of protection (19)]
 48816 | Orc:2    | Killed from afar by Azrael

Illustrated notes

Levels and vault maps discovered:
D:1:      dpeg_arrival_erosion, layout_rooms
D:2:      layout_rooms, hellmonk_ecumenical_altar_heavens_door
D:3:      layout_basic
D:4:      layout_gridville, minmay_temple_entry_slanted, uniq_eustachio
D:5:      layout_loops_corners, hellmonk_ghost_happy_afterlife, uniq_sigmund
D:6:      layout_gridville, minmay_manual_mullet
D:7:      layout_loops_ring, serial_shops, shop, nicolae_diamond_shop,
          nicolae_shop_advertising_works [nicolae_subvault_shop_adworks],
          nicolae_shop_behind_doors, nicolae_shop_bloodbath_and_beyond,
          due_unseen_surprise
D:8:      layout_cave_pools, lair_entry_dummy,
          lightli_ossuary_entry_decrepit_ruins, serial_column_ruins,
          column_ruins_columns_straight, column_ruins_grid_2,
          column_ruins_columns_straight, column_ruins_columns_dead_end,
          column_ruins_open_tiny
D:9:      layout_big_octagon, minmay_protected_statue
D:10:     layout_basic, grunt_temple_overflow_open, david_orc_5, enter_bailey_3
D:11:     layout_gridville, nicolae_stop_n_shop_2, uniq_psyche
D:12:     hangedman_cross_veins, layout_irregular_city, uniq_erolcha
D:13:     layout_roguey, gammafunk_ghost_hydra_chop, serial_shops,
          nicolae_shop_window_shopping
D:14:     layout_basic, david_vaults_3, nemelex_diamond_rough_becter,
          ebering_ghost_disaster_area, water_maze_lemuel
D:15:     gammafunk_depths_entry_grave, layout_gridville,
          minmay_misc_feat_enclosed, ebering_ghost_gozag
Lair:1:   layout_cave_pods, gammafunk_ghost_necromancy,
          hangedman_lair_generics_rect, grunt_megastairs_3
Lair:2:   layout_roguey, elwin_shoals_entry_rooms, grunt_megastairs_4,
          serial_bayou_shore_a, uniq_sonja, uniq_fannar
Lair:3:   kb_forest_paths, layout_regular_city, dummy_snake_entry
Lair:4:   nzn_winding_woodlands_medium [nzn_winding_woodlands_5x5_checkerboard,
          nzn_winding_woodlands_5x15_river_crossing,
          nzn_winding_woodlands_5x5_perimeter, nzn_winding_woodlands_hourglass,
          nzn_winding_woodlands_center_garden,
          nzn_winding_woodlands_5x5_default, nzn_winding_woodlands_5x5_cross,
          nzn_winding_woodlands_5x15_pool, nzn_winding_woodlands_5x5_default],
          layout_loops_ring, infiniplex_staircase_pool_2, lemuel_fruit_fields
Lair:5:   layout_hall_layers, grunt_megastairs_5
Lair:6:   hangedman_lair_caniforms_friends, layout_regular_city, slime_altar_1,
          infiniplex_staircase_pool, serial_bayou_shore_b
Orc:1:    layout_caves, nicolae_shop_self_help, uniq_harold, uniq_maurice
Orc:2:    st_orc_pillars, layout_caves, elf_legates, uniq_azrael

Skill      XL: |  1  2  3  4  5  6  7  8  9 10 11 12 13 14 15 |
---------------+----------------------------------------------+-----
Invocations    | 2 3 4 5 6 7 8 9 10 11 | 11.0
Stealth        | 1 2 4 6 7 9 11 12 13 15 16 | 16.8
Dodging        | 4 5 6 7 8 9 |  9.1
Short Blades   | 3 4 5 6 |  6.8
Fighting       | 3 4 5 6 7 8 9 |  9.9
Bows           | 6 9 10 11 12 13 | 13.9
Evocations     | 2 6 7 8 9 |  9.2
Hexes          | 2 5 7 8 9 |  9.5
Spellcasting   | 2 5 7 8 9 |  9.4
Conjurations   | 1 3 4 5 |  5.0
Translocations | 4 7 8 |  8.9

Action                   |  1- 3 |  4- 6 |  7- 9 | 10-12 | 13-15 || total
-------------------------+-------+-------+-------+-------+-------++-------
Melee: Short sword       |   121 |   187 |     1 |       |     1 ||   310
       Punch             |     3 |     1 |     2 |       |     4 ||    10
       Dagger            |       |       |   198 |     3 |    61 ||   262
 Fire: Shortbow          |       |       |   135 |   787 |  1581 ||  2503
Throw: Boomerang         |       |     3 |     2 |       |       ||     5
       Dart              |       |       |     1 |       |       ||     1
 Cast: Dazzling Flash    |       |       |       |       |     3 ||     3
Invok: Bend Space        |     2 |     1 |     3 |     7 |     8 ||    21
       Banish            |       |       |       |     1 |     6 ||     7
Evoke: Wand              |       |       |     1 |     6 |     9 ||    16
       Condenser vane    |       |       |       |     1 |     1 ||     2
  Use: Scroll            |     1 |     8 |     9 |    13 |     7 ||    38
       Potion            |       |     1 |       |     1 |     3 ||     5
 Stab: Sleeping          |     1 |     4 |    10 |     3 |     7 ||    25
       Invisible         |       |       |       |       |     1 ||     1
       Paralysed         |       |       |       |       |     4 ||     4
Armor: Robe              |     9 |    10 |    17 |     8 |       ||    44
       Steam dragon scal |       |       |       |    34 |    60 ||    94
Dodge: Dodged            |    98 |   173 |   237 |   311 |   569 ||  1388

Table legend: (Time is in decaauts)
 A = Elapsed time spent in this place.
 B = Non-inter-level travel time spent in this place.
 C = Inter-level travel time spent in this place.
 D = Time resting spent in this place.
 E = Time spent auto-exploring this place.
 F = Levels seen in this place.
 G = Mean time per level.
                   A        B        C        D        E       F      G
               +--------+--------+--------+--------+--------+-----+--------+
         Total |  41765 |  41038 |    727 |  25866 |   8330 |  26 | 1606.3 |
       Dungeon |  27038 |  26551 |    487 |  17184 |   5154 |  15 | 1802.5 |
          Lair |  12287 |  12048 |    239 |   7062 |   3001 |   6 | 2047.8 |
  Orcish Mines |   1465 |   1465 |      0 |   1036 |    136 |   2 |  732.5 |
         Abyss |     17 |     17 |      0 |      0 |     12 |   1 |   17.0 |
       Ossuary |    337 |    337 |      0 |    168 |      0 |   1 |  337.0 |
        Bailey |    619 |    619 |      0 |    416 |     26 |   1 |  619.0 |
               +--------+--------+--------+--------+--------+-----+--------+

Top non-repeatable levels by time:
  Lair:6: 3076 daAuts
     D:1: 2683 daAuts
    D:11: 2371 daAuts
     D:3: 2363 daAuts
    D:12: 2335 daAuts
     D:8: 2232 daAuts
  Lair:1: 2159 daAuts
    D:14: 2154 daAuts
  Lair:3: 2120 daAuts
     D:2: 1985 daAuts
  Lair:4: 1854 daAuts
     D:6: 1817 daAuts
    D:15: 1804 daAuts
  Lair:2: 1728 daAuts
    D:13: 1690 daAuts
